 Dungeon Crawl Stone Soup version 0.28.0-49-g6dfe1f597d (webtiles) character file.

Game seed: 14176200025796392119

7622 Exodus22XD the Cleaver (level 10, -3/90 HPs)
             Began as a Minotaur Fighter on May 20, 2022.
             Was a Believer of the Shining One.
             Slain by a gnoll sergeant
             ... wielding a +0 trident
              (5 damage)
             ... on level 9 of the Dungeon.
             The game lasted 00:10:53 (10943 turns).

Exodus22XD the Cleaver (Minotaur Fighter)          Turns: 10943, Time: 00:10:54

Health: -3/90      AC: 15    Str: 25    XL:     10   Next: 98%
Magic:  14/14      EV:  9    Int:  5    God:    the Shining One [**....]
Gold:   1679       SH:  5    Dex: 10    Spells: 9/9 levels left

rFire   . . .      SeeInvis .   s - +0 flail (protect)
rCold   . . .      Faith    .   c - +0 buckler
rNeg    + . .      Spirit   .   b - +0 scale mail
rPois   +          Reflect  .   (helmet restricted)
rElec   .          Harm     .   (no cloak)
rCorr   .          Rampage  .   (no gloves)
Will    .....                   (no boots)
Stlth   ..........              (no amulet)
HPRegen 0.25/turn               t - +4 ring of slaying
MPRegen 0.14/turn               w - ring of poison resistance

@: under a protective aura, glowing
A: horns 2, retaliatory headbutt
a: Renounce Religion, Divine Shield


You were on level 9 of the Dungeon.
You worshipped the Shining One.
The Shining One was pleased with you.
You visited 2 branches of the dungeon, and saw 10 of its levels.

You collected 1679 gold pieces.

Inventory:

Hand Weapons
 a - a +0 war axe
 s - a +0 flail of protection (weapon)
 C - a +1 morningstar of venom
 D - a +2 whip of flaming
Armour
 b - a +0 scale mail (worn)
 c - a +0 buckler (worn)
Jewellery
 t - a +4 ring of slaying (left hand)
 w - a ring of poison resistance (right hand)
 B - an amulet of faith
 H - a ring of willpower
 I - a +6 ring of dexterity
Wands
 d - a wand of polymorph (14)
 i - a wand of iceblast (10)
 x - a wand of flame (72)
 y - a wand of digging (2)
Scrolls
 e - a scroll of enchant weapon
 f - 2 scrolls of summoning {unknown}
 j - a scroll of magic mapping {unknown}
 m - 3 scrolls of noise {unknown}
 n - 5 scrolls of teleportation {unknown}
 p - 4 scrolls of blinking
 u - 2 scrolls of enchant armour {unknown}
 A - a scroll of amnesia {unknown}
 F - a scroll of torment {unknown}
 G - a scroll of vulnerability {unknown}
Potions
 g - 3 potions of curing
 h - a potion of haste
 l - 2 potions of brilliance
 o - 3 potions of flight
 q - a potion of attraction {unknown}
 r - a potion of berserk rage {unknown}
 v - 2 potions of resistance {unknown}
 z - 4 potions of mutation {unknown}
 E - 2 potions of degeneration {unknown}
 J - a potion of ambrosia {unknown}


   Skills:
 + Level 8.8 Fighting
 + Level 12.6 Axes
 + Level 1.5(8.2) Maces & Flails
 + Level 10.0 Armour
 + Level 6.8 Shields
 * Level 7.0 Invocations


You had 9 spell levels left.
You didn't know any spells.
Your spell library was empty.

Dungeon Overview and Level Annotations

Branches:
Dungeon (9/15)             Temple (1/1) D:6            Lair (0/6) D:8
    Orc (0/2) D:9

Altars:
Ashenzari
Cheibriados
Dithmenos
Elyvilon
Fedhas
Gozag
Hepliaklqana
Kikubaaqudgha
Makhleb
Nemelex Xobeh
Qazlal
Ru
Sif Muna
Trog
Uskayaw
Vehumet
Wu Jian
Xom
Yredelemnul
Zin
The Shining One

Annotations:
D:6 1 runed translucent door, Crazy Yiuf


Innate Abilities, Weirdness & Mutations

You have a pair of horns on your head.
You reflexively headbutt those who attack you in melee.


Message History

You are too injured to fight recklessly!
The gnoll sergeant hits you with a +0 trident.
Things that are here:
a +0 club; a +0 club; a curare-tipped dart The gnoll sergeant hits you with a +0 trident.
You barely miss the gnoll. You headbutt the gnoll!
The gnoll is heavily wounded.
You block the gnoll's attack.
The gnoll sergeant hits you with a +0 trident!
* * * LOW HITPOINT WARNING * * *
You feel yourself speed up. The gnoll barely misses you.
The gnoll hits you with a +0 whip.
* * * LOW HITPOINT WARNING * * *
The gnoll sergeant hits you with a +0 trident.
* * * LOW HITPOINT WARNING * * *
You block the gnoll's attack. x2; The gnoll sergeant barely misses you.
You sock the gnoll!
Your weapon exudes an aura of protection.
You kill the gnoll!
The gnoll hits you but does no damage.
The gnoll sergeant hits you with a +0 trident.
* * * LOW HITPOINT WARNING * * *
You sock the gnoll sergeant! You headbutt the gnoll sergeant.
The gnoll sergeant is moderately wounded.
The gnoll hits you with a +0 whip.
* * * LOW HITPOINT WARNING * * *
The gnoll sergeant hits you with a +0 trident!
* * * LOW HITPOINT WARNING * * *
You hit the gnoll sergeant.
The gnoll sergeant is heavily wounded.
A killer bee comes into view.
The gnoll sergeant hits you with a +0 trident.
* * * LOW HITPOINT WARNING * * *
The gnoll closely misses you. You furiously retaliate!
You headbutt the gnoll!
You kill the gnoll!
The killer bee moves out of view.
You sock the gnoll sergeant!
The gnoll sergeant is almost dead.
The gnoll sergeant hits you with a +0 trident.
You die...

#.# #g#
#g######.#
#........#
####.######
#..#g#
#....#
#)####
####@####
#..).g))#
......#.##)#
#.....#....#
#.........<#
#.....######
######


You could see a gnoll sergeant.

Vanquished Creatures
  A two-headed ogre (D:7)
  Pikel (D:7)
  Joseph (D:7)
  A troll (D:9)
  Grinder (D:3)
  A slime creature (D:7)
  A yak (D:8)
  A wyvern (D:7)
  4 humans (D:6)
  A steam dragon (D:8)
  3 water moccasins
  7 orc warriors
  2 black bears
  2 sky beasts
  An ice beast (D:6)
  7 ogres
  2 necrophages (D:6)
  4 centaurs
  2 lemures (D:7)
  3 kobold brigands
  5 gnoll sergeants
  A wyvern zombie (D:8)
  2 bullfrogs (D:8)
  A scorpion (D:8)
  A water moccasin zombie (D:5)
  A wyvern skeleton (D:6)
  A water moccasin skeleton (D:6)
  A killer bee (D:7)
  9 wights
  A crimson imp (D:4)
  A jelly (D:6)
  An orc priest (D:7)
  3 hounds
  4 centaur skeletons
  A gnoll shaman (D:6)
  2 iguanas (D:7)
  6 orc wizards
  Natasha (twice) (D:3)
  A hound skeleton (D:2)
  2 howler monkey zombies
  Robin (D:4)
  A howler monkey skeleton (D:7)
  5 adders
  10 gnolls
  2 shadow imps (D:7)
  3 white imps
  2 ufetubi (D:7)
  A worm (D:2)
  5 dart slugs
  19 orcs
  7 bats
  5 endoplasms
  2 giant cockroaches
  22 goblins
  7 hobgoblins
  10 kobolds
  A quokka (D:3)
  6 ball pythons
  A frilled lizard (D:2)
  A rat (D:1)
203 creatures vanquished.

Vanquished Creatures (others)
  12 fungi (D:8)
  4 plants (D:8)
16 creatures vanquished.

Grand Total: 219 creatures vanquished

Notes
Turn   | Place    | Note
-------+----------+-------------------------------------------
     0 | D:1      | Exodus22XD the Minotaur Fighter began the quest for the
                  | Orb.
     0 | D:1      | Reached XP level 1. HP: 19/19 MP: 0/0
   454 | D:1      | Reached XP level 2. HP: 20/27 MP: 1/1
  1032 | D:2      | Noticed an ogre
  1046 | D:2      | Killed an ogre
  1047 | D:2      | Reached skill level 3 in Axes
  1047 | D:2      | Reached XP level 3. HP: 28/34 MP: 2/2
  1047 | D:2      | Reached XP level 4. HP: 33/41 MP: 3/3
  1284 | D:2      | Found a hide-covered altar of Uskayaw.
  1286 | D:2      | Reached skill level 4 in Axes
  1565 | D:2      | Reached XP level 5. HP: 45/47 MP: 4/4
  1955 | D:3      | Found a faded altar of an unknown god.
  1967 | D:3      | Prayed at the altar of an unknown god.
  1967 | D:3      | Became a worshipper of Elyvilon the Healer
  1967 | D:3      | Reached * piety under Elyvilon
  2055 | D:3      | Noticed Grinder
  2061 | D:3      | Paralysed by Grinder for 3 turns
  2088 | D:3      | Killed Grinder
  2089 | D:3      | Reached skill level 5 in Axes
  2089 | D:3      | Reached skill level 5 in Armour
  2089 | D:3      | Reached XP level 6. HP: 13/55 MP: 5/5
  2356 | D:3      | Reached skill level 5 in Fighting
  2547 | D:3      | Noticed Natasha
  2551 | D:3      | Killed Natasha
  2737 | D:3      | Noticed Natasha
  2745 | D:3      | Killed Natasha
  2839 | D:3      | Reached ** piety under Elyvilon
  3184 | D:4      | Reached skill level 6 in Axes
  3184 | D:4      | Reached skill level 1 in Invocations
  3417 | D:4      | Reached XP level 7. HP: 47/61 MP: 6/6
  3678 | D:4      | Found a radiant altar of Vehumet.
  3679 | D:4      | Noticed Robin
  3706 | D:4      | Killed Robin
  4530 | D:5      | Entered Level 5 of the Dungeon
  4538 | D:5      | Reached skill level 7 in Axes
  4573 | D:5      | Reached XP level 8. HP: 28/70 MP: 8/8
  4887 | D:5      | Reached skill level 8 in Axes
  5142 | D:5      | Reached skill level 5 in Shields
  5272 | D:5      | Found a burning altar of Makhleb.
  5289 | D:6      | Found a staircase to the Ecumenical Temple.
  5306 | Temple   | Entered the Ecumenical Temple
  5850 | D:6      | Reached *** piety under Elyvilon
  5864 | D:6      | Reached skill level 9 in Axes
  5881 | D:6      | Reached XP level 9. HP: 8/78 MP: 9/11
  6239 | D:6      | Identified the +1 ring mail of Okawaru's Anger {rC+}
  6733 | D:6      | Found a runed translucent door.
  6734 | D:6      | Noticed Crazy Yiuf
  6789 | D:7      | Reached skill level 10 in Axes
  7031 | D:7      | Noticed Pikel
  7063 | D:7      | Killed Pikel
  7064 | D:7      | Reached skill level 5 in Invocations
  7265 | D:7      | Found a white marble altar of Elyvilon.
  7272 | D:7      | Found a sacrificial altar of Ru.
  7292 | D:7      | Noticed a two-headed ogre
  7312 | D:6      | Identified a scroll of acquirement
  7314 | D:6      | Acquired 1104 gold pieces
  7610 | D:7      | Noticed Joseph
  7620 | D:7      | Killed Joseph
  7621 | D:7      | Reached skill level 11 in Axes
  7759 | D:7      | Killed a two-headed ogre
  7760 | D:7      | Reached XP level 10. HP: 14/86 MP: 13/13
  8477 | D:7      | Found a glowing golden altar of the Shining One.
  8660 | D:7      | Fell from the grace of Elyvilon
  8660 | D:7      | Became a worshipper of the Shining One
  8660 | D:7      | Reached * piety under the Shining One
  8937 | D:8      | Reached ** piety under the Shining One
  9243 | D:8      | Reached skill level 12 in Axes
 10134 | D:8      | Found a staircase to the Lair.
 10473 | D:9      | Found a staircase to the Orcish Mines.
 10523 | D:9      | Reached skill level 1 in Maces & Flails
 10543 | D:9      | HP: 2/90 [orc warrior/+2 mace of holy wrath (8)]
 10927 | D:9      | Reached skill level 10 in Armour
 10941 | D:9      | HP: 4/90 [gnoll sergeant/+0 trident (7)]
 10943 | D:9      | Slain by a gnoll sergeant

Illustrated notes

Levels and vault maps discovered:
D:1:      tarquinn_simple_flora_water_f, layout_loops_ring
D:2:      layout_loops_cross, basic_altar, hangedman_decor_clover_reticule
D:3:      layout_basic, ebering_ecumenical_altar_hall, chequers_jeans,
          uniq_grinder, uniq_natasha
D:4:      layout_loops_cross, nicolae_vehumet_radiance, minmay_fire_ice_demons,
          uniq_robin
D:5:      layout_rooms, demons_altar, kennysheep_generic_room_14
D:6:      layout_rooms, temple_fountains, minmay_ruffians,
          uniq_crazy_yiuf_cottage
D:7:      cheibrodos_barr_body, layout_basic,
          chequers_temple_overflow_statue_of_worship,
          nicolae_tso_carved_into_rock, hangedman_abyss_or_decor_stagger,
          uniq_joseph, uniq_pikel
D:8:      layout_loops_ring, grunt_lair_entry_orc_guard_hut, feat_on_display
D:9:      layout_basic, okawaru_metal_pillars_3,
          kennysheep_orc_monster_closet_entryway, uniq_grum, uniq_gastronok
Temple:   eino_temple_rhombus

Skill      XL: |  1  2  3  4  5  6  7  8  9 10 |
---------------+-------------------------------+-----
Armour         | 4 5 6 7 9 10 | 10.0
Fighting       | 4 5 6 7 8 |  8.8
Axes           | 3 4 5 6 7 9 11 12 | 12.6
Shields        | 4 5 6 |  6.8
Invocations    | 1 2 4 5 7 |  7.0
Maces & Flails | 1 |  1.5

Action                   |  1- 3 |  4- 6 |  7- 9 | 10-12 || total
-------------------------+-------+-------+-------+-------++-------
Melee: War axe           |    22 |   107 |   227 |   161 ||   517
       Headbutt          |     6 |    11 |    39 |    58 ||   114
       Morningstar       |       |       |     1 |       ||     1
       Flail             |       |       |       |    40 ||    40
Invok: Divine Shield     |       |       |       |     1 ||     1
  Use: Potion            |       |     1 |       |     1 ||     2
       Scroll            |       |       |     9 |       ||     9
Armor: Scale mail        |    15 |    41 |    78 |    61 ||   195
       Skin              |       |    10 |       |       ||    10
Dodge: Dodged            |     6 |    36 |    95 |    67 ||   204
Block: Buckler           |     4 |    21 |    54 |    81 ||   160
